 Dungeon Crawl Stone Soup version 0.22-a0-379-ga9d99d6 (webtiles) character file.

80 Falco the Magician (level 4, -7/34 HPs)
             Began as a Formicid Wanderer on Apr 28, 2018.
             Killed by divine providence
             ... invoked by an orc priest
              (16 damage)
             ... on level 3 of the Dungeon.
             The game lasted 00:11:31 (1578 turns).

Falco the Magician (Formicid Wanderer)              Turns: 1578, Time: 00:11:31

Health: -7/34      AC:  6    Str: 22    XL:     4   Next: 65%
Magic:  1/9        EV: 10    Int: 12    God:
Gold:   127        SH:  0    Dex: 11    Spells: 6/10 levels left

rFire    . . .     SeeInvis +   b - +0 dagger
rCold    . . .     Gourm    .   (no shield)
rNeg     . . .     Faith    .   c - +0 ring mail
rPois    .         Spirit   .   (helmet unavailable)
rElec    .         Reflect  .   (no cloak)
rCorr    .         Harm     .   (no gloves)
MR       .....                  q - +0 pair of boots {Fly}
Stlth    +.........             (no amulet)
HPRegen  0.11/turn              r - +6 ring of strength
MPRegen  0.11/turn              (no ring)

@: flying, very slightly contaminated
A: permanent stasis, dig shafts and tunnels, four strong arms, antennae 3
a: Dig, Shaft Self, Stop Flying


You were on level 3 of the Dungeon.
You were not hungry.

You visited 1 branch of the dungeon, and saw 3 of its levels.

You collected 127 gold pieces.

Inventory:

Hand Weapons
 a - a +2 shortbow
 b - a +0 dagger (weapon)
 s - a +2 vampiric short sword
Armour
 c - a +0 ring mail (worn)
 i - a +0 pair of boots
 p - a +0 chain mail
 q - a +0 pair of boots of flying (worn)
Jewellery
 r - a +6 ring of strength (left hand)
Scrolls
 e - a scroll of identify
 g - a scroll of noise {unknown}
 j - a scroll of random uselessness {unknown}
 k - a scroll of teleportation {unknown}
 o - 3 scrolls of remove curse {unknown}
Potions
 h - a potion of heal wounds {unknown}
 l - a potion of haste {unknown}
 m - 2 potions of curing
 n - a potion of flight {unknown}
Comestibles
 f - 4 rations


   Skills:
 + Level 2.5 Fighting
 + Level 2.2 Bows
 + Level 1.1 Armour
 + Level 1.2 Stealth
   Level 1.2 Shields
 + Level 3.9 Spellcasting
 + Level 1.1 Summonings
   Level 1.3 Poison Magic


You had 6 spell levels left.
You knew the following spells:

 Your Spells              Type           Power        Failure   Level  Hunger
a - Summon Small Mammal   Summ           #...         22%         1    #......
b - Call Canine Familiar  Summ           #.......     56%         3    ###....


Dungeon Overview and Level Annotations

Branches:
Dungeon (3/15)

Altars:
Nemelex Xobeh
Vehumet


Innate Abilities, Weirdness & Mutations

You cannot be hasted, slowed, berserked, paralysed or teleported.
You can dig through walls and to a lower floor.
Your four strong arms can wield two-handed weapons with a shield.
You have a pair of large antennae on your head. (SInv)


Message History

Casting: Call Canine Familiar (quite dangerous; 56% risk of failure)
Confirm with . or Enter, or press ? or * to list all spells.
You don't have enough magic to cast that spell.
You barely miss the shadow imp.
Your hound closely misses the orc priest.
The orc priest hits your hound with a mace.
The shadow imp gestures at you.
You barely resist. You hit the shadow imp.
The shadow imp is moderately wounded.
Your hound barely misses the orc priest.
The orc priest hits your hound with a mace.
Your hound bites the orc priest.
The shadow imp hits you but does no damage.
You closely miss the shadow imp.
The shadow imp is moderately wounded.
Your hound barely misses the orc priest.
The orc priest invokes the aid of Beogh against you.
Beogh smites you!
You die...

#.###.###.........
#.# #.####.###.##
#.# #...<.<# #.#
#####..# #.# #..#
#.# #..# #.# #...
#5# ##.## #@# #.#
#h#### #.# #.o{.#
.# { ####.#
#..((.(..
#######(# { {


You could see an orc priest, a shadow imp and a friendly hound.

Vanquished Creatures
  3 adders (D:2)
  2 oozes (D:2)
  2 dart slugs
  A leopard gecko (D:2)
  An orc (D:3)
  4 bats
  A giant cockroach (D:1)
  7 goblins
  3 hobgoblins
  4 kobolds
  A ball python (D:2)
  4 frilled lizards
  4 rats
37 creatures vanquished.

Vanquished Creatures (collateral kills)
  An orc (D:3)
  A kobold (D:1)
2 creatures vanquished.

Grand Total: 39 creatures vanquished

Notes
Turn   | Place    | Note
-------+----------+-------------------------------------------
     0 | D:1      | Falco the Formicid Wanderer began the quest for the Orb.
     0 | D:1      | Falco set off with: a +2 shortbow, 22 arrows, a +0 ring mail, a ration
     0 | D:1      | Reached XP level 1. HP: 15/15 MP: 4/4
     2 | D:1      | Learned a level 1 spell: Summon Small Mammal
   145 | D:1      | Reached XP level 2. HP: 17/21 MP: 6/6
   694 | D:2      | Reached XP level 3. HP: 26/26 MP: 8/8
   709 | D:2      | Found a sparkling altar of Nemelex Xobeh.
   743 | D:2      | Found a radiant altar of Vehumet.
   871 | D:2      | Reached XP level 4. HP: 32/33 MP: 9/9
   876 | D:2      | Learned a level 3 spell: Call Canine Familiar
  1578 | D:3      | Killed from afar by an orc priest

Vault maps used:
D:1:      dpeg_arrival_orchard
D:2:      fiery_altar_vehumet, nemelex_xobeh_ov_fountains_minmay,
          nrook_mini_vaults
D:3:      lemuel_crystal_altar

Skill      XL: |  1  2  3  4 |
---------------+-------------+-----
Bows           | 2 |  2.2
Fighting       | 2 |  2.5
Armour         | |  1.1
Stealth        | |  1.2
Shields        | |  1.2
Spellcasting   | |  3.9
Summonings     | |  1.1
Poison Magic   | |  1.3

Action                   |  1- 3 |  4- 6 || total
-------------------------+-------+-------++-------
Melee: Dagger            |       |     4 ||     4
 Fire: Shortbow          |    93 |    32 ||   125
 Cast: Summon Small Mamm |     2 |       ||     2
       Call Canine Famil |       |     2 ||     2
  Use: Scroll            |       |     2 ||     2
  Eat: Ration            |       |     1 ||     1
Armor: Ring mail         |    18 |     4 ||    22
Dodge: Dodged            |    27 |     5 ||    32

Table legend:
 A = Spawn XP
 B = Non-spawn XP
 C = Spawn XP percentage of total XP
 D = Spawn monster count
 E = Non-spawn monster count
 F = Spawn count percentage of total count
 G = Total turns spent on level
                    A         B        C        D         E        F      G
               +---------+---------+-------+---------+---------+-------+---------
         Total |       0 |     115 |   0.0 |       0 |      39 |   0.0 |  1578
               +---------+---------+-------+---------+---------+-------+---------
           D:1 |       0 |      22 |   0.0 |       0 |      13 |   0.0 |   582
           D:2 |       0 |      86 |   0.0 |       0 |      23 |   0.0 |   893
           D:3 |       0 |       7 |   0.0 |       0 |       3 |   0.0 |   103
               +---------+---------+-------+---------+---------+-------+---------
